 Dungeon Crawl Stone Soup version 0.18.1-48-g4cf74bf (webtiles) character file.

807 CountDeLaPain the Shield-Bearer (level 7, -3/62 HPs)
             Began as a Minotaur Fighter on Aug 1, 2016.
             Slain by Akyuu's ghost (4 damage)
             ... on level 5 of the Dungeon.
             The game lasted 00:09:10 (3678 turns).

CountDeLaPain the Shield-Bearer (Minotaur Fighter)  Turns: 3678, Time: 00:09:11

Health: -3/62      AC:  8    Str: 17 (20) XL:     7   Next: 60%
Magic:  6/6        EV:  3    Int:  4 (7)  God:
Gold:   262        SH:  6    Dex:  8 (10) Spells: 0 memorised, 6 levels left

rFire  . . .     SeeInvis .     a - +0 war axe
rCold  . . .     Gourm    .     h - +0 chain mail
rNeg   . . .     Faith    .     c - +0 shield
rPois  .         Spirit   .     (helmet restricted)
rElec  .         Dismiss  .     (no cloak)
rCorr  .         Reflect  .     (no gloves)
SustAt .         Harm     .     (no boots)
MR     .....                    (no amulet)
Stlth  ..........               (no ring)
                                (no ring)

@: very heavily drained, not resistant to hostile enchantments, extremely
unstealthy
A: retaliatory headbutt, horns 2
a: no special abilities


You were on level 5 of the Dungeon.
You were very hungry.

You visited 1 branch of the dungeon, and saw 5 of its levels.

You collected 262 gold pieces.

Inventory:

Hand Weapons
 a - a +0 war axe (weapon)
 y - a +0 mace of protection
Armour
 b - a +0 scale mail
 c - a +0 shield (worn)
 h - a +0 chain mail (worn)
Jewellery
 m - an uncursed ring of protection from magic {unknown}
Scrolls
 e - 7 scrolls of identify
 j - a scroll of magic mapping {unknown}
 l - 2 scrolls of teleportation
 n - a scroll of fear {unknown}
 o - a scroll of enchant weapon {unknown}
 p - a scroll of enchant armour {unknown}
 q - 3 scrolls of noise {unknown}
 r - a scroll of recharging {unknown}
 t - 2 scrolls of blinking {unknown}
 u - a scroll of remove curse {unknown}
 x - 2 scrolls of random uselessness {unknown}
Potions
 g - a potion of invisibility
 k - a potion of curing
 s - a potion of heal wounds {unknown}
 w - a potion of brilliance {unknown}
 A - a potion of degeneration
Comestibles
 f - 4 bread rations
 i - 2 meat rations
 v - 3 beef jerkies
 z - a slice of pizza


   Skills:
 + Level 5.9(0.0) Fighting
 + Level 4.7(0.0) Axes
 + Level 0.2(0.0) Maces & Flails
 + Level 5.7(0.0) Armour
 + Level 3.4(0.0) Dodging
 + Level 0.5(0.0) Stealth
 + Level 6.3(0.0) Shields


You had 6 spell levels left.
You didn't know any spells.

Dungeon Overview and Level Annotations

Branches:
Dungeon (5/15)
 Temple: D:4-7

Altars:
Elyvilon
Gozag
Pakellas
Ru

Annotations:
D:5 Akyuu's ghost, novice HaBe


Innate Abilities, Weirdness & Mutations

You reflexively headbutt those who attack you in melee.
You have a pair of horns on your head.


Message History

You hit the gnoll.
You kill the gnoll!
The gnoll hits you but does no damage. Akyuu's ghost hits you.
* * * LOW HITPOINT WARNING * * *
You feel drained. The gnoll hits you but does no damage.
You closely miss Akyuu's ghost.
Akyuu's ghost is lightly damaged.
You completely miss the gnoll. You block the gnoll's attack.
Akyuu's ghost hits you.
* * * LOW HITPOINT WARNING * * *
You feel drained.
* * * LOW HITPOINT WARNING * * *
You block the gnoll's attack. The gnoll hits you but does no damage.
Akyuu's ghost yells, "Who would have thought, even in death it is a pleasure to sever!"
You block Akyuu's ghost's attack.
You miss Akyuu's ghost. Your headbutt misses Akyuu's ghost.
Akyuu's ghost is lightly damaged.
You closely miss the gnoll. The gnoll hits you but does no damage.
You block the gnoll's attack. Akyuu's ghost hits you.
You die...

### #...###...
##.# ##..## ##..
#..# #...# ##.
#..# #..## ##.
#..#####..# #..
#...##....# #....
#......#..# ....#.
#....####.W...###.
#@W### ###..####.
#g## ....... #gg#
...... ...##
...... ..... ...
....... ##.....
#..... #.....


You could see Akyuu's ghost and 3 gnolls.

Vanquished Creatures
  Sigmund (D:5)
  Menkaure (D:5)
  Blork the orc (D:5)
  A jelly (D:5)
  An orc priest (D:4)
  A centaur skeleton (D:4)
  2 hounds
  4 orc wizards
  2 worker ants
  5 gnolls
  4 adders
  2 adder skeletons
  3 worms
  A dart slug (D:1)
  4 giant geckos
  12 orcs
  3 giant cockroaches
  7 goblins
  3 hobgoblins
  3 ball pythons
  3 bats
  3 giant newts
  6 kobolds
  3 rats (D:2)
76 creatures vanquished.

Vanquished Creatures (others)
  A giant cockroach (D:3)
1 creature vanquished.

Grand Total: 77 creatures vanquished

Notes
Turn   | Place    | Note
--------------------------------------------------------------
     0 | D:1      | CountDeLaPain the Minotaur Fighter began the quest for the Orb.
     0 | D:1      | Reached XP level 1. HP: 19/19 MP: 0/0
   148 | D:1      | Reached XP level 2. HP: 27/27 MP: 1/1
   847 | D:2      | Reached skill level 4 in Shields
   965 | D:2      | Reached XP level 3. HP: 33/33 MP: 2/2
  1484 | D:4      | Reached XP level 4. HP: 26/40 MP: 3/3
  2072 | D:3      | Found an oddly glowing altar of Pakellas.
  2091 | D:3      | Found an opulent altar of Gozag.
  2113 | D:3      | Found a white marble altar of Elyvilon.
  2536 | D:3      | Reached skill level 1 in Dodging
  2665 | D:4      | Reached XP level 5. HP: 38/47 MP: 4/4
  3047 | D:5      | Entered Level 5 of the Dungeon
  3047 | D:5      | Noticed Sigmund
  3049 | D:5      | Noticed Menkaure
  3056 | D:4      | Reached skill level 5 in Fighting
  3057 | D:4      | Reached skill level 5 in Shields
  3057 | D:4      | Reached XP level 6. HP: 29/56 MP: 5/5
  3064 | D:4      | Found a sacrificial altar of Ru.
  3088 | D:5      | Killed Menkaure
  3088 | D:5      | Reached skill level 5 in Armour
  3102 | D:5      | Killed Sigmund
  3102 | D:5      | Reached XP level 7. HP: 22/61 MP: 6/6
  3423 | D:5      | Reached skill level 6 in Shields
  3482 | D:5      | Noticed Blork the orc
  3495 | D:5      | Killed Blork the orc
  3637 | D:5      | Noticed Akyuu's ghost (novice HaBe)
  3677 | D:5      | HP: 2/62 [Akyuu's ghost (3)]
  3678 | D:5      | Slain by Akyuu's ghost

Skill      XL: |  1  2  3  4  5  6  7 |
---------------+----------------------+-----
Armour         | 4 5 |  5.7
Fighting       | 4 5 |  5.9
Shields        | 4 5 6 |  6.3
Axes           | 3 4 |  4.7
Dodging        | 1 2 3 |  3.4
Maces & Flails | |  0.2
Stealth        | |  0.5

Action                   |  1- 3 |  4- 6 |  7- 9 || total
-------------------------+-------+-------+-------++-------
Melee: War axe           |    96 |    68 |    71 ||   235
       Headbutt          |    11 |    16 |     8 ||    35
       Mace              |       |    23 |       ||    23
  Use: Scroll            |     2 |       |       ||     2
       Potion            |       |     2 |     1 ||     3
  Eat: Chunk             |     2 |     5 |     1 ||     8
Armor: Chain mail        |    46 |    69 |    65 ||   180
Dodge: Dodged            |    29 |    26 |    27 ||    82
Block: Shield            |    55 |    53 |    58 ||   166
